 Dungeon Crawl Stone Soup version 0.27.0-1-g7a089689b8 (webtiles) character file.

Game seed: 4134406220412211674

6 Spectrina the Ducker (level 1, -1/13 HPs)
             Began as a Deep Elf Monk on Aug 12, 2021.
             Slain by a kobold (4 damage)
             ... on level 2 of the Dungeon.
             The game lasted 00:00:27 (68 turns).

Spectrina the Ducker (Deep Elf Monk)                  Turns: 68, Time: 00:00:28

Health: -1/13      AC:  2    Str:  8    XL:     1   Next: 75%
Magic:  3/3        EV: 13    Int: 14    God:
Gold:   0          SH:  0    Dex: 17    Spells: 0/0 levels left

rFire    . . .     SeeInvis .   a - +0 short sword
rCold    . . .     Faith    .   (no shield)
rNeg     . . .     Spirit   .   b - +0 robe
rPois    .         Reflect  .   (no helmet)
rElec    .         Harm     .   (no cloak)
rCorr    .         Rampage  .   (no gloves)
Will     .....                  (no boots)
Stlth    ++........             (no amulet)
HPRegen  0.04/turn              (no ring)
MPRegen  0.08/turn              (no ring)

@: no status effects
A: no striking features
a: no special abilities


You were on level 2 of the Dungeon.
You visited 1 branch of the dungeon, and saw 3 of its levels.

Inventory:

Hand Weapons
 a - a +0 short sword (weapon)
 c - a +0 dagger
Armour
 b - a +0 robe (worn)


   Skills:
 - Level 2.4 Fighting
 - Level 3.0 Short Blades
 - Level 3.6 Dodging
 + Level 3.3 Stealth


You couldn't memorise any spells.
You didn't know any spells.
Your spell library was empty.

Dungeon Overview and Level Annotations

Branches:
Dungeon (3/15)

Altars:


Message History

You hit the jackal.
The jackal is almost dead.
The jackal closely misses you.
You barely miss the jackal.
The jackal is almost dead.
The jackal completely misses you. The jackal bites you.
You closely miss the jackal.
The jackal is almost dead.
The jackal closely misses you.
You closely miss the jackal.
The jackal is almost dead.
The jackal closely misses you.
You hit the jackal.
You kill the jackal!
Your Stealth skill increases to level 3!
There is a stone staircase leading down here.
A kobold comes into view. It is wielding a +0 club.
The kobold shouts!
Found a stone staircase leading up.
You closely miss the kobold. The kobold hits you with a +0 club.
You hit the kobold.
You kill the kobold!
Things that are here:
a +0 club; a kobold corpse A goblin comes into view.
It is wielding a +0 dagger.
Found a stone staircase leading up.
A kobold comes into view. It is wielding a +0 dagger.
There is a stone staircase leading up here.
You barely miss the goblin. The goblin hits you but does no damage.
You hit the goblin but do no damage. The goblin hits you but does no damage.
You closely miss the goblin. You closely miss the goblin.
The goblin closely misses you.
You hit the goblin.
You kill the goblin!
You closely miss the kobold. The kobold closely misses you.
You hit the kobold but do no damage. The kobold hits you with a +0 dagger.
You completely miss the kobold. The kobold hits you with a +0 dagger.
* * * LOW HITPOINT WARNING * * *
You closely miss the kobold. The kobold hits you with a +0 dagger.
You die...

. .## ... #.# #.#
#.# #K# #@# ##.##
#.####...#####
#............<
##.###...###.# #
##.## ##
#####.####.###....
.......)..........
#####.####.##.....


You could see a kobold.

Vanquished Creatures
  A bat (D:2)
  A goblin (D:2)
  2 jackals (D:2)
  A kobold (D:2)
5 creatures vanquished.

Notes
Turn   | Place    | Note
-------+----------+-------------------------------------------
     0 | D:1      | Spectrina the Deep Elf Monk began the quest for the Orb.
     0 | D:1      | Reached XP level 1. HP: 13/13 MP: 3/3
    68 | D:2      | Slain by a kobold

Illustrated notes

Levels and vault maps discovered:
D:1:      amcnicky_arrival_gap_in_the_tavern_cellar, layout_basic,
          serial_corexii_hall, corexii_hall_statues_s, corexii_hall_statues_s,
          serial_shops, shop, skrybe_limestone_x, serial_bayou_lagoon_a,
          minmay_lizard_king
D:2:      layout_loops_ring, basic_altar, roderic_lattice_a, minmay_bisected
D:3:      layout_loops_ring, old_standard_altar, minmay_goblin_kobold_house

Skill      XL: |  1 |
---------------+----+-----
Stealth        | 3 |  3.3
Fighting       | |  2.4
Short Blades   | |  3.0
Dodging        | |  3.6

Action                   || total
-------------------------++-------
Melee: Short sword       ||    23
 Stab: Sleeping          ||     1
Armor: Robe              ||     3
Dodge: Dodged            ||    15
